Map: [ESL] Data-C

Players

Creator - Winner!

  • Race: Protoss Protoss
  • Spawn Location: 9:00

Neeb

  • Race: Protoss Protoss
  • Spawn Location: 3:00

Event: DreamHack SC2 Masters 2022 Valencia

VOD

Have the link to the VOD?

Description

Time

  • Played on: July 3, 2022, 7:25 a.m.
  • Length: 15:33

All games in this series

Show
View Real Time Build Order
Export as new Build Order

Creator Protoss - Winner!

Build Orders: Oracle Opening, Phoenix Opening 

Get SALT Encoding   

  12  0:00  Probe  
  13  0:12  Probe  
  14  0:19  Pylon  
  14  0:24  Probe  
  15  0:37  Probe (Chrono Boost)  
  15  0:39  Gateway  
  16  0:48  Probe (Chrono Boost), Assimilator  
  17  0:53  Probe (Chrono Boost)  
  18  1:00  Assimilator  
  19  1:04  Probe (Chrono Boost)  
  19  1:10  Pylon  
  19  1:16  Probe (Chrono Boost)  
  20  1:21  Probe (Chrono Boost)  
  21  1:25  Cybernetics Core  
  21  1:29  Zealot  
  23  1:33  Probe  
  24  1:45  Probe  
  24  1:57  Probe  
  25  2:01  Adept (Chrono Boost)  
  25  2:02  Stargate  
  27  2:10  Warp Gate  
  27  2:22  Pylon  
  27  2:23  Stalker  
  29  2:45  Nexus  
  29  2:53  Oracle (Chrono Boost)  
  32  3:01  Shield Battery  
  32  3:06  Shield Battery  
  32  3:14  Probe  
  31  3:23  Phoenix (Chrono Boost)  
  31  3:26  Probe  
  32  3:38  Probe  
  33  3:41  Pylon  
  33  3:45  Oracle  
  36  3:51  Probe  
  37  3:55  Gateway  
  37  3:56  Probe  
  37  3:59  Stalker  
  40  4:03  Probe  
  41  4:15  Twilight Council  
  42  4:17  Probe (Chrono Boost)  
  42  4:19  Probe (Chrono Boost)  
  43  4:30  Probe (Chrono Boost)  
  44  4:33  Stalker, Probe (Chrono Boost)  
  46  4:39  Probe  
  47  4:45  Probe  
  47  4:51  Probe, Blink (Chrono Boost)  
  48  4:52  Stalker  
  48  4:57  Probe  
  51  5:05  Probe  
  52  5:09  Probe  
  53  5:16  Stalker x2  
  53  5:17  Probe  
  53  5:19  Gateway  
  52  5:21  Shield Battery  
  52  5:22  Probe  
  53  5:34  Nexus  
  53  5:41  Stalker  
  53  5:44  Stalker  
  53  5:47  Pylon  
  53  5:49  Probe  
  51  5:52  Probe  
  46  6:04  Stalker  
  46  6:09  Probe (Chrono Boost)  
  49  6:12  Probe (Chrono Boost)  
  50  6:22  Pylon  
  50  6:23  Probe x2 (Chrono Boost)  
  52  6:25  Stalker  
  52  6:31  Probe (Chrono Boost), Forge  
  52  6:32  Probe (Chrono Boost)  
  56  6:36  Probe (Chrono Boost)  
  56  6:38  Probe (Chrono Boost)  
  57  6:44  Stalker, Assimilator  
  57  6:45  Probe  
  60  6:50  Probe x2 (Chrono Boost)  
  60  6:53  Stalker  
  67  7:01  Pylon  
  67  7:02  Probe x2 (Chrono Boost)  
  67  7:03  Probe (Chrono Boost)  
  67  7:06  Protoss Ground Weapons Level 1 (Chrono Boost)  
  67  7:09  Probe x2 (Chrono Boost)  
  67  7:11  Probe (Chrono Boost)  
  70  7:16  Probe x2  
  70  7:17  Stalker  
  70  7:21  Probe  
  75  7:23  Shield Battery  
  75  7:26  Photon Cannon  
  75  7:31  Sentry  
  75  7:36  Gateway x2  
  77  7:39  Pylon  
  77  7:43  Zealot  
  79  7:45  Probe  
  79  7:46  Probe x2  
  82  7:54  Stalker  
  82  7:57  Zealot  
  84  8:03  Probe x3  
  87  8:06  Gateway  
  87  8:08  Templar Archives  
  87  8:15  Probe x3  
  87  8:17  Stalker  
  87  8:18  Stalker  
  94  8:20  Pylon  
  94  8:27  Charge  
  94  8:30  Probe x3  
  97  8:45  Gateway  
  97  8:47  Assimilator  
  97  8:48  Assimilator  
  97  8:49  Probe x3  
  97  8:51  Nexus  
  99  8:57  Pylon  
  99  9:03  High Templar x2  
  99  9:04  Gateway, Zealot x3  
  99  9:06  Pylon, Gateway  
  109  9:12  Protoss Ground Weapons Level 2 (Chrono Boost)  
  109  9:15  Probe x2  
  109  9:16  Probe  
  112  9:20  Pylon  
  112  9:21  Assimilator  
  112  9:28  Pylon, Zealot x2  
  112  9:30  Probe x2  
  118  9:32  Probe  
  119  9:40  Photon Cannon  
  119  9:43  Shield Battery  
  119  9:44  High Templar x2, Zealot  
  119  9:45  Zealot  
  127  9:59  Gateway  
  127  10:03  Probe x2  
  127  10:04  Probe x2  
  131  10:08  High Templar x2  
  131  10:11  Robotics Facility  
  135  10:17  Zealot x2  
  135  10:18  Sentry, Zealot x3  
  145  10:21  Gateway  
  145  10:24  Gateway  
  145  10:27  Assimilator  
  145  10:29  Pylon  
  145  10:31  Pylon  
  145  10:42  Nexus  
  144  10:45  High Templar x2, Zealot x2  
  144  10:46  Zealot  
  153  10:59  Observer (Chrono Boost), Pylon  
  153  11:00  High Templar x2  
  153  11:01  Pylon, Zealot x2  
  162  11:12  Warp Prism (Chrono Boost)  
  164  11:18  Archon  
  164  11:20  Archon  
  164  11:22  High Templar x2  
  164  11:23  Zealot x4  
  164  11:24  Archon  
  176  11:27  Pylon  
  176  11:28  Pylon  
  176  11:30  Pylon, Archon  
  176  11:31  Pylon  
  176  11:32  Archon x2  
  176  11:38  High Templar x2  
  176  11:39  Pylon  
  180  11:43  Archon  
  180  11:53  High Templar x2  
  184  11:54  Zealot x7  
  184  11:58  Archon  
  198  12:03  Protoss Ground Weapons Level 3 (Chrono Boost)  
  198  12:06  Robotics Bay  
  198  12:07  Robotics Facility  
  198  12:16  Photon Cannon  
  196  12:33  Zealot x8  
  157  12:52  Disruptor (Chrono Boost)  
  157  12:56  Probe x3  
  157  12:57  Probe x2  
  158  12:59  Stalker x4  
  158  13:00  Disruptor (Chrono Boost)  
  158  13:02  Gravitic Boosters  
  166  13:11  Zealot x4  
  174  13:16  Dark Shrine  
  174  13:18  Disruptor (Chrono Boost)  
  174  13:22  Zealot x3  
  181  13:27  Stalker  
  186  13:35  Disruptor (Chrono Boost)  
  186  13:42  Stalker x6  
  186  13:45  Disruptor (Chrono Boost)  
  166  14:03  Immortal (Chrono Boost)  
  166  14:05  Zealot x5  
  166  14:06  Zealot x5  
  163  14:17  Nexus  
  163  14:19  Immortal (Chrono Boost)  
  167  14:26  High Templar x2, Zealot x2  
  167  14:29  Stalker x2  
  179  14:37  Stalker x2  
  179  14:44  Archon  
  153  14:54  Zealot x4  
  153  14:55  Zealot x2  
Show
View Real Time Build Order
Export as new Build Order

Neeb Protoss 

Build Orders: Oracle Opening, Phoenix Opening, Archon Immortal, Mass Phoenix 

Get SALT Encoding   

  12  0:00  Probe  
  13  0:12  Probe  
  14  0:19  Pylon  
  14  0:24  Probe  
  15  0:37  Probe (Chrono Boost)  
  15  0:38  Gateway  
  16  0:46  Probe (Chrono Boost)  
  16  0:47  Assimilator  
  17  0:51  Probe  
  18  1:04  Probe (Chrono Boost)  
  19  1:05  Assimilator  
  19  1:07  Pylon  
  19  1:16  Probe (Chrono Boost)  
  20  1:21  Probe (Chrono Boost)  
  21  1:25  Cybernetics Core  
  21  1:30  Probe  
  22  1:42  Probe  
  23  2:02  Stargate  
  23  2:04  Probe  
  24  2:13  Adept  
  26  2:22  Nexus  
  26  2:29  Probe  
  27  2:34  Pylon  
  26  2:42  Oracle (Chrono Boost)  
  26  2:43  Probe  
  30  2:53  Shield Battery  
  30  2:55  Probe  
  31  3:05  Shield Battery  
  31  3:07  Probe  
  32  3:14  Phoenix  
  32  3:19  Probe  
  35  3:32  Probe  
  36  3:36  Probe (Chrono Boost)  
  36  3:38  Stargate  
  35  3:44  Phoenix  
  35  3:48  Probe (Chrono Boost)  
  39  3:49  Probe (Chrono Boost)  
  40  3:55  Probe (Chrono Boost)  
  40  3:58  Probe (Chrono Boost)  
  40  4:02  Probe  
  45  4:10  Probe (Chrono Boost)  
  45  4:12  Phoenix (Chrono Boost)  
  45  4:14  Probe (Chrono Boost)  
  46  4:18  Assimilator  
  46  4:19  Assimilator  
  46  4:22  Phoenix (Chrono Boost)  
  50  4:24  Pylon, Probe (Chrono Boost)  
  50  4:25  Probe (Chrono Boost)  
  50  4:29  Probe (Chrono Boost)  
  51  4:32  Probe  
  51  4:34  Pylon  
  52  4:40  Probe  
  52  4:42  Phoenix  
  52  4:44  Probe  
  56  4:51  Pylon, Phoenix  
  58  4:53  Probe  
  58  5:00  Probe  
  54  5:11  Phoenix  
  49  5:18  Probe  
  49  5:19  Probe  
  50  5:32  Probe (Chrono Boost)  
  50  5:34  Probe (Chrono Boost)  
  52  5:43  Probe (Chrono Boost)  
  52  5:45  Probe (Chrono Boost)  
  52  5:47  Probe (Chrono Boost)  
  53  5:53  Robotics Facility  
  53  5:54  Probe  
  54  5:57  Phoenix  
  54  5:58  Probe  
  57  6:04  Phoenix  
  57  6:08  Probe  
  57  6:10  Probe  
  61  6:20  Probe  
  61  6:22  Probe  
  61  6:25  Pylon, Phoenix  
  63  6:27  Warp Gate  
  63  6:32  Stalker, Probe  
  68  6:38  Probe  
  69  6:40  Immortal (Chrono Boost)  
  73  6:49  Pylon  
  73  7:00  Pylon  
  73  7:02  Stalker  
  79  7:08  Immortal (Chrono Boost)  
  76  7:28  Probe x2  
  78  7:35  Nexus  
  78  7:36  Pylon  
  78  7:38  Gateway  
  78  7:39  Immortal (Chrono Boost)  
  78  7:40  Gateway  
  78  7:42  Probe x2  
  84  7:45  Sentry  
  86  7:54  Probe  
  86  7:58  Probe  
  88  8:01  Shield Battery  
  88  8:02  Shield Battery  
  88  8:06  Probe  
  88  8:07  Observer (Chrono Boost)  
  88  8:10  Probe  
  91  8:12  Forge  
  91  8:14  Twilight Council  
  91  8:18  Probe  
  92  8:21  Pylon  
  92  8:22  Probe  
  92  8:24  Observer  
  94  8:30  Protoss Air Weapons Level 1, Probe  
  96  8:34  Probe  
  96  8:35  Stalker x2  
  96  8:37  Stalker  
  102  8:43  Probe  
  102  8:45  Observer, Gateway  
  102  8:46  Gateway  
  102  8:48  Charge, Probe  
  104  8:50  Protoss Ground Weapons Level 1 (Chrono Boost)  
  104  8:51  Probe  
  105  9:01  Templar Archives  
  105  9:02  Gateway  
  105  9:06  Immortal (Chrono Boost)  
  109  9:11  Probe  
  109  9:12  Probe x2, Assimilator x2  
  112  9:18  Zealot x2  
  112  9:19  Zealot  
  118  9:34  Pylon x2  
  118  9:39  Photon Cannon  
  118  9:40  Immortal (Chrono Boost), High Templar x2  
  118  9:41  High Templar x2  
  118  9:42  Zealot  
  132  9:45  Archon x2  
  132  10:00  Pylon  
  132  10:02  Pylon, Robotics Facility, Robotics Bay  
  132  10:10  Zealot x2  
  136  10:19  Zealot x3  
  136  10:20  Zealot  
  144  10:36  Nexus  
  144  10:39  Protoss Ground Weapons Level 2 (Chrono Boost)  
  142  10:46  Colossus (Chrono Boost)  
  142  10:47  Colossus (Chrono Boost)  
  154  10:51  Extended Thermal Lance  
  154  10:57  Pylon  
  154  10:58  High Templar x2  
  154  11:02  Pylon, Archon  
  154  11:03  Pylon  
  158  11:09  Shield Battery  
  158  11:10  Shield Battery  
  156  11:19  Probe x2  
  156  11:20  Probe  
  156  11:23  Assimilator  
  156  11:25  Colossus (Chrono Boost), Assimilator  
  159  11:27  Colossus (Chrono Boost)  
  159  11:32  Sentry, Gateway  
  171  11:33  Gateway  
  171  11:36  Gateway  
  173  11:42  Gateway  
  173  11:51  High Templar x2, Zealot x3  
  183  11:55  Observer  
  183  11:56  Archon  
  183  12:06  Disruptor (Chrono Boost)  
  183  12:07  Photon Cannon  
  186  12:08  Photon Cannon  
  186  12:11  Photon Cannon  
  186  12:13  Disruptor (Chrono Boost)  
  171  12:39  High Templar x4, Zealot  
  171  12:40  Zealot x4  
  171  12:43  Archon x2  
  189  12:51  Disruptor (Chrono Boost)  
  195  13:01  Disruptor (Chrono Boost)  
  195  13:08  Zealot  
  195  13:09  Zealot  
  199  13:24  Pylon  
  194  13:42  Disruptor (Chrono Boost)  
  194  13:43  Disruptor (Chrono Boost)  
  162  14:07  Observer  
  162  14:09  Zealot x6  
  140  14:10  Zealot x3  
  140  14:15  Disruptor x2 (Chrono Boost)  
  124  14:19  Fleet Beacon  
  122  14:33  Stalker x9  
  140  14:44  Disruptor x2  
  134  14:52  Zealot  
  113  14:56  Zealot x6  
  113  14:57  Zealot x3  

Tags
 
Add a new tag
Caveats
  • Supply blocks, unpowered buildings, or Contaminate may cause inaccurate times.
  • Supply counts are checked every 10 seconds.